 Seeded DCSS version 0.30.1-9-gdf580d7c3d (webtiles) character file.

Game seed: 6351066067085065685 (custom seed)

13327 Esekla the Thaumaturge (level 11, -8/60 HPs)
             Began as a Deep Elf Wanderer on Oct 10, 2023.
             Was an Elder of Vehumet.
             Mangled by a centaur warrior simulacrum (29 damage)
             ... on level 11 of the Dungeon.
             The game lasted 01:38:00 (11577 turns).

Esekla the Thaumaturge (Deep Elf Wanderer)         Turns: 11577, Time: 01:38:00

Health: -8/60      AC:  9    Str: 11    XL:     11   Next: 74%
Magic:  36/40      EV: 13    Int: 23    God:    Vehumet [****..]
Gold:   22         SH:  4    Dex: 11    Spells: 8/38 levels left

rFire   . . .        c - +5 scimitar
rCold   . . .        d - +0 buckler
rNeg    . . .        g - +0 steam dragon scales
rPois   .            Q - +1 helmet
rElec   .            F - +0 cloak
rCorr   .            j - +0 pair of gloves
SInv    .            (no boots)
Will    +....        z - amulet of magic regeneration
Stlth   ++           M - ring of magical power
HPRegen 0.30/turn    J - ring of the Mage {Wiz Archmagi}
MPRegen 0.67/turn

%: wizardry (x1), archmagi
@: lethally poisoned (-8 -> -10), on berserk cooldown, slowed, studying
Fighting, very slow
A: no striking features
a: Renounce Religion


You were on level 11 of the Dungeon.
You worshipped Vehumet.
Vehumet was greatly pleased with you.
You visited 2 branches of the dungeon, and saw 12 of its levels.
You also visited: Bailey.

You collected 736 gold pieces.
You spent 714 gold pieces at shops.

Inventory:

Hand Weapons
 a - a +2 vampiric dagger
 c - a +5 scimitar (weapon)
 r - a +4 trident of venom
 s - the +5 rapier of the Hero {heavy, rN+ Dex+3}
   (You found it on level 3 of the Dungeon)

   Dex:       It affects your dexterity (+3).
   rN:        It protects you from negative energy.
 K - a +4 great sword
 O - a +2 rapier of venom
Missiles
 v - 46 poisoned darts
 L - 4 curare-tipped darts (quivered)
 P - 5 boomerangs
Armour
 d - a +0 buckler (worn)
 g - +0 steam dragon scales (worn)
 j - a +0 pair of gloves (worn)
 F - a +0 cloak (worn)
 Q - a +1 helmet (worn)
Jewellery
 z - an amulet of magic regeneration (around neck)
 D - an amulet of reflection
 J - the ring of the Mage (right hand) {Wiz Archmagi}
   (You bought it in a shop on level 2 of the Dungeon)

   [ring of wizardry]

   It improves your spell success rate.
   Archmagi:  It increases the power of your magical spells.
 M - a ring of magical power (left hand)
 R - a ring of ice
Wands
 p - a wand of roots (26)
 C - a wand of flame (14)
 G - a wand of mindburst (9)
Scrolls
 k - 2 scrolls of acquirement
 m - 2 scrolls of amnesia
 n - a scroll of enchant armour
 q - 5 scrolls of blinking {unknown}
 w - 2 scrolls of fog
 x - 2 scrolls of silence
 y - a scroll of magic mapping
 A - 4 scrolls of enchant weapon {unknown}
 B - 2 scrolls of fear
 E - 2 scrolls of teleportation
 H - 2 scrolls of poison
 I - 3 scrolls of noise {unknown}
Potions
 b - 3 potions of lignification
 e - 3 potions of ambrosia {unknown}
 f - 6 potions of attraction {unknown}
 h - a potion of heal wounds
 i - 6 potions of curing
 l - a potion of mutation
 o - a potion of cancellation {unknown}
 t - 3 potions of brilliance
 u - 3 potions of haste
 N - a potion of degeneration {unknown}
 S - a potion of magic {unknown}


   Skills:
 * Level 3.7 Fighting
 + Level 2.3(2.4) Short Blades
 + Level 0.6(1.5) Long Blades
 + Level 2.3 Throwing
 * Level 6.9 Dodging
 + Level 3.4 Stealth
 + Level 2.5 Shields
 * Level 14.2 Spellcasting
 + Level 4.5 Conjurations
 * Level 10.7 Necromancy
 + Level 4.1 Translocations
 * Level 3.7 Transmutations
 * Level 3.7 Fire Magic
 * Level 3.9 Air Magic
 * Level 5.3 Poison Magic
 + Level 1.0 Invocations


You had 8 spell levels left.
You knew the following spells:

 Your Spells              Type           Power      Damage    Failure   Level
a - Magic Dart            Conj           100%       1d8       1%          1
b - Blink                 Tloc           100%       N/A       1%          2
d - Vampiric Draining     Necr           78%        2d11      1%          3
e - Searing Ray           Conj           100%       2d8       1%          2
f - Flame Wave            Conj/Fire      52%        2d13      1%          4
j - Arcjolt               Conj/Air       26%        1d36      3%          5
l - Plasma Beam           Fire/Air       25%        2x1d41    17%         6
n - Ignite Poison         Fire/Tmut/Pois 52%        N/A       1%          3
p - Apportation           Tloc           100%       N/A       1%          1
t - Teleport Other        Tloc           51%        N/A       1%          3

Your spell library contained the following spells:

 Spells                   Type           Power      Damage    Failure   Level
 Lesser Beckoning         Tloc           100%       N/A       1%          2
 Gell's Gravitas          Tloc           51%        N/A       1%          3
 Spider Form              Tmut/Pois      54%        N/A       1%          3
 Cause Fear               Hex            12%        N/A       21%         4
 Summon Mana Viper        Hex/Summ       24%        N/A       47%         5


Dungeon Overview and Level Annotations

Branches:
Dungeon (11/15)            Temple (0/1) D:6             Orc (1/2) D:10
 Bailey (visited)
   Lair: D:8-11

Altars:
Dithmenos
Fedhas
Hepliaklqana
Nemelex Xobeh
Okawaru
Qazlal
Ru
Trog
Uskayaw
Vehumet
Zin
The Shining One

Shops:
D:2 =   D:4 (

Annotations:
D:2 black bear
D:11 Lodul, Psyche


Message History

You feel a strong urge to attack something.
You feel sick.
You see here a +2 spear of venom.
You feel sick. The wolf bites you but does no damage.
The wolf attacks as you move away! The wolf bites you but does no damage.
You feel your anger nearly subside.
You are no longer berserk.
You are exhausted.
You feel yourself slow down.
You feel sick. The wolf closely misses you.
Casting: Vampiric Draining (safe; 1% risk of failure)
Confirm with . or Enter, or press ? or * to list all spells.
You don't know that spell.
As you read the scroll of fear, it crumbles to dust.
You assume a fearsome visage.
The wolf looks frightened! x2
The centaur warrior simulacrum is unaffected.
The gnoll looks frightened!
The troll looks frightened!
You feel sick.
A wolf comes into view.
Casting: Vampiric Draining (safe; 1% risk of failure)
Confirm with . or Enter, or press ? or * to list all spells.
You feel a surge of power!
You blink.
An orc wizard comes into view. It is wielding a +0 dagger.
The orc wizard shouts!
You feel sick.
You hear a shout!
You hear an angry hiss.
Casting: Blink (safe; 1% risk of failure)
Confirm with . or Enter, or press ? or * to list all spells.
Casting: Flame Wave (dangerous; 1% risk of failure)
Press: ? - help, Dir - look around, f - activate You feel a surge of power!
A wave of flame ripples out!
The flame wave engulfs the centaur warrior simulacrum!!
The centaur warrior simulacrum melts!
The centaur warrior simulacrum is almost destroyed. (Press . to intensify the flame waves.)
The wolf howls!
You feel sick.
You hear a shout! x2; You hear an angry hiss.
The centaur warrior simulacrum closely misses you.
The centaur warrior simulacrum kicks you but does no damage.
The centaur warrior simulacrum hits you.
The centaur warrior simulacrum freezes you!!
You die...

###########
#.........#
#.........# #
#.........# ##
#.......<.## ###.
##..?..h....# #..(
#.@Z..)..T..####..#
#...#########..)).).#
.......
#.....####..#.
.......
#.....○.....##
.o###..
#.....>###...# . ..#
#....... ..... ...
#.....#####.## #..
#.....# #.# #.....#
#..


You could see a troll (fleeing), a wolf, an orc wizard and a centaur warrior
simulacrum.

Vanquished Creatures
  Harold (D:9)
  2 two-headed ogres
  Pikel (D:6)
  2 orc knights (Bailey)
  2 cyclopes (D:9)
  Joseph (D:7)
  A kobold demonologist (D:9)
  A polar bear (D:11)
  2 trolls (D:10)
  3 centaur simulacra (D:11)
  8 yaks (D:10)
  2 steam dragons
  2 wyverns
  Menkaure (D:7)
  3 ice beasts
  A sky beast (D:6)
  11 orc warriors
  A black bear (D:6)
  6 ogres
  2 centaurs
  A phantom (D:7)
  Blork the orc (D:6)
  4 kobold brigands
  4 gnoll sergeants
  2 bullfrogs
  2 scorpions (D:5)
  10 wights
  19 killer bees
  2 howler monkeys (D:10)
  2 quasits (D:8)
  2 gnoll boudas
  6 hounds
  A jelly (D:6)
  Crazy Yiuf (D:7)
  7 orc priests
  A sleepcap (D:5)
  5 iguanas
  10 orc wizards
  29 gnolls
  9 adders
  3 shadow imps (D:8)
  7 white imps
  4 ufetubi
  A worm (D:4)
  3 dart slugs
  55 orcs
  4 endoplasms
  9 goblins
  7 hobgoblins
  A quokka (D:1)
  6 ball pythons
  4 bats
  4 frilled lizards
  21 kobolds
  A rat (D:2)
301 creatures vanquished.

Notes
Turn   | Place    | Note
-------+----------+-------------------------------------------
     0 | D:1      | Esekla the Deep Elf Wanderer began the quest for the Orb.
     0 | D:1      | Esekla set off with the following items: a +0 club, a
                  | potion of lignification, a +0 robe, a +0 buckler; and the
                  | following spells available to memorise: Apportation, Blink,
                  | Lesser Beckoning, Magic Dart, Ignite Poison, Vampiric
                  | Draining.
     0 | D:1      | Reached XP level 1. HP: 10/10 MP: 7/7
     2 | D:1      | Learned a level 1 spell: Magic Dart
     4 | D:1      | Learned a level 1 spell: Apportation
   230 | D:2      | Found Renulab's Jewellery Shop.
   336 | D:4      | Found a radiant altar of Vehumet.
   344 | D:4      | Found an iron altar of Okawaru.
   357 | D:4      | Found a glowing silver altar of Zin.
   441 | D:4      | Became a worshipper of Vehumet
   683 | D:3      | Reached XP level 2. HP: 15/15 MP: 4/9
   686 | D:3      | Learned a level 2 spell: Blink
   872 | D:2      | Reached skill level 1 in Necromancy
  1007 | D:2      | Noticed a black bear
  1079 | D:3      | Found a stormy altar of Qazlal.
  1090 | D:3      | Reached XP level 3. HP: 19/19 MP: 9/11
  1094 | D:3      | Learned a level 3 spell: Vampiric Draining
  1107 | D:3      | Found a bloodstained altar of Trog.
  1124 | D:3      | Reached skill level 1 in Short Blades
  1124 | D:3      | Reached skill level 5 in Spellcasting
  1127 | D:3      | Reached skill level 1 in Dodging
  1129 | D:3      | Found a hazy altar of Hepliaklqana.
  1366 | D:3      | Reached XP level 4. HP: 15/24 MP: 1/13
  1633 | D:3      | Identified the +5 rapier of the Hero {heavy, rN+ Dex+3}
  1844 | D:1      | Reached * piety under Vehumet
  1844 | D:1      | Offered knowledge of Kiss of Death by Vehumet.
  1901 | D:1      | Learned a level 3 spell: Teleport Other
  2401 | D:2      | Reached XP level 5. HP: 20/28 MP: 10/15
  2511 | D:2      | Found a faded altar of an unknown god.
  2760 | D:5      | Entered Level 5 of the Dungeon
  2763 | D:5      | Got the Parchment of the Lumpy Olives
  2782 | D:5      | Found a shadowy altar of Dithmenos.
  2846 | D:5      | Reached skill level 1 in Conjurations
  2909 | D:5      | Reached skill level 6 in Spellcasting
  2984 | D:5      | Reached XP level 6. HP: 30/32 MP: 11/17
  3173 | D:5      | Reached skill level 7 in Spellcasting
  3325 | D:5      | Reached ** piety under Vehumet
  3468 | D:5      | Reached XP level 7. HP: 36/36 MP: 20/20
  3499 | D:5      | Offered knowledge of Foxfire by Vehumet.
  3611 | D:4      | Found Ponaysk's Antique Weapon Boutique.
  3786 | D:4      | Found a glowing golden altar of the Shining One.
  4071 | D:4      | Reached skill level 8 in Spellcasting
  4403 | D:6      | Noticed Blork the orc
  4788 | D:4      | Offered knowledge of Searing Ray by Vehumet.
  4789 | D:4      | Reached skill level 9 in Spellcasting
  4792 | D:4      | Learned a level 2 spell: Searing Ray
  4910 | D:6      | Found a staircase to the Ecumenical Temple.
  4913 | D:6      | Noticed Pikel
  4922 | D:6      | Killed Pikel
  4923 | D:6      | Reached skill level 5 in Necromancy
  4923 | D:6      | Reached XP level 8. HP: 17/41 MP: 11/23
  5054 | D:7      | Found a runed translucent door.
  5055 | D:7      | Noticed Crazy Yiuf
  5062 | D:7      | Killed Crazy Yiuf
  5063 | D:7      | Reached skill level 10 in Spellcasting
  5301 | D:6      | Reached skill level 1 in Throwing
  5302 | D:6      | Reached *** piety under Vehumet
  5314 | D:6      | Found a blossoming altar of Fedhas.
  5532 | D:6      | Killed Blork the orc
  5918 | D:7      | Reached XP level 9. HP: 44/45 MP: 14/25
  5921 | D:7      | Reached skill level 11 in Spellcasting
  5991 | D:7      | Noticed Menkaure
  6009 | D:7      | Killed Menkaure
  6171 | D:7      | Offered knowledge of Flame Wave by Vehumet.
  6181 | D:7      | Learned a level 4 spell: Flame Wave
  6253 | D:7      | Learned a level 3 spell: Ignite Poison
  6283 | D:7      | Noticed Joseph
  6471 | D:8      | Noticed a two-headed ogre
  6726 | D:8      | Reached skill level 12 in Spellcasting
  6757 | D:8      | Reached **** piety under Vehumet
  6760 | D:8      | Reached skill level 1 in Poison Magic
  6772 | D:8      | Reached skill level 5 in Dodging
  6894 | D:8      | Reached skill level 1 in Fire Magic
  6928 | D:8      | Offered knowledge of Arcjolt by Vehumet.
  7079 | D:8      | Killed a two-headed ogre
  7080 | D:8      | Reached skill level 1 in Transmutations
  7080 | D:8      | Reached XP level 10. HP: 50/50 MP: 28/28
  7118 | D:8      | Found a transporter.
  7118 | D:8      | Found a transporter.
  7122 | D:8      | Found a transporter.
  7122 | D:8      | Found a transporter.
  7237 | D:8      | Found a hide-covered altar of Uskayaw.
  7359 | D:8      | Learned a level 5 spell: Arcjolt
  7497 | D:7      | Killed Joseph
  7662 | D:9      | Found a flagged portal.
  7704 | Bailey   | Entered a bailey
  7943 | Bailey   | Identified the +2 bardiche of Puhoisos {heavy, rElec
                  | Stlth+}
  8032 | Bailey   | Reached skill level 1 in Air Magic
  8122 | Bailey   | Noticed an orc knight
  8122 | Bailey   | Noticed an orc knight
  8232 | Bailey   | Killed an orc knight
  8460 | Bailey   | Killed an orc knight
  8461 | Bailey   | Reached skill level 13 in Spellcasting
  8627 | D:9      | Reached skill level 1 in Fighting
  8661 | D:9      | Noticed a rust devil
  8713 | D:9      | Noticed Harold
  8717 | D:9      | Killed Harold
  8778 | D:8      | Reached ***** piety under Vehumet
  8778 | D:8      | Offered knowledge of Plasma Beam by Vehumet.
  9066 | D:9      | Noticed a two-headed ogre
  9081 | D:9      | Killed a two-headed ogre
  9082 | D:9      | Reached XP level 11. HP: 58/58 MP: 30/30
  9183 | D:9      | Found a sparkling altar of Nemelex Xobeh.
  9407 | D:9      | Reached skill level 10 in Necromancy
  9594 | D:10     | Entered Level 10 of the Dungeon
  9629 | D:10     | Found a staircase to the Orcish Mines.
  9771 | D:10     | Reached skill level 14 in Spellcasting
  9772 | D:10     | Reached skill level 5 in Poison Magic
  9891 | D:10     | Learned a level 6 spell: Plasma Beam
 10194 | D:10     | Found a sacrificial altar of Ru.
 10357 | Orc:1    | Entered Level 1 of the Orcish Mines
 10535 | D:2      | Bought the ring of the Mage {Wiz Archmagi} for 714 gold
                  | pieces
 10535 | D:2      | Found the ring of the Mage {Wiz Archmagi}
 10754 | Orc:1    | Noticed an orc knight
 11077 | D:11     | Noticed Lodul
 11563 | D:11     | Noticed Psyche
 11563 | D:11     | Noticed a two-headed ogre
 11577 | D:11     | Mangled by a centaur warrior simulacrum

Illustrated notes

Levels and vault maps discovered:
D:1:      sevenhm_arrival_forest_fort_small_3, layout_rooms,
          chequers_serial_rivers_room_b, minmay_misc_feat_five
D:2:      layout_loops_ring, dreamdust_ecumenical_altar_angels_and_demons,
          serial_shops, shop
D:3:      layout_basic, grunt_temple_overflow_open, minmay_misc_feat_iff
D:4:      layout_basic, nicolae_overflow_quartered_altars, serial_shops,
          nicolae_diamond_shop
D:5:      layout_loops_ring, lemuel_doored_altar, minmay_misc_feat_rows,
          dreamdust_wishing_well
D:6:      layout_loops_cross, fedhas_altar_fruit_tree,
          minmay_temple_entry_glass, uniq_pikel, uniq_blork_the_orc
D:7:      layout_basic, uniq_menkaure, uniq_joseph, uniq_crazy_yiuf_cottage
D:8:      layout_basic, nicolae_uskayaw_dance_hall, serial_demonic,
          serial_demonic_d, serial_demonic_a, serial_demonic_c,
          serial_demonic_c, nicolae_diode_quadrants
D:9:      layout_irregular_city, kennysheep_little_box, enter_bailey_4,
          minmay_between, uniq_harold
D:10:     layout_basic, nicolae_ru_awakened_eye
D:11:     layout_rooms, hellmonk_lair_entry_icy, serial_ice, serial_ice_j,
          serial_ice_m, serial_ice_o, serial_ice_c, serial_ice_g, serial_ice_f,
          guppyfry_shop_earth, uniq_psyche, uniq_lodul
Orc:1:    layout_caves

Skill      XL: |  1  2  3  4  5  6  7  8  9 10 11 |
---------------+----------------------------------+-----
Necromancy     | 1 2 3 5 7 8 9 10 | 10.7
Short Blades   | 1 2 |  2.3
Spellcasting   | 5 6 7 9 10 12 13 14 | 14.2
Dodging        | 1 2 4 5 6 |  6.9
Stealth        | 2 3 |  3.4
Translocations | 3 4 |  4.1
Conjurations   | 1 4 |  4.5
Shields        | 2 |  2.5
Throwing       | 1 2 |  2.3
Poison Magic   | 2 4 5 |  5.3
Fire Magic     | 1 3 |  3.7
Transmutations | 1 2 3 |  3.7
Air Magic      | 2 3 |  3.9
Fighting       | 2 3 |  3.7
Long Blades    | |  0.6
Invocations    | |  1.0

Action                     |  1- 3 |  4- 6 |  7- 9 | 10-12 || total
---------------------------+-------+-------+-------+-------++-------
  Melee: Short sword       |    54 |     8 |       |       ||    62
         Rapier            |       |    52 |    43 |    37 ||   132
         Dagger            |       |       |    46 |       ||    46
         Scimitar          |       |       |     2 |    39 ||    41
  Throw: Dart              |       |     9 |    27 |    53 ||    89
   Cast: Magic Dart        |    31 |    43 |    48 |    10 ||   132
         Apportation       |    19 |    24 |    17 |    25 ||    85
         Vampiric Draining |     2 |    12 |    67 |   107 ||   188
         Blink             |       |     1 |     4 |     7 ||    12
         Searing Ray       |       |       |    38 |    29 ||    67
         Ignite Poison     |       |       |     3 |     8 ||    11
         Flame Wave        |       |       |       |     4 ||     4
         Arcjolt           |       |       |       |     3 ||     3
         Teleport Other    |       |       |       |     5 ||     5
  Evoke: Wand              |       |       |     1 |     1 ||     2
    Use: Scroll            |     1 |       |    10 |     5 ||    16
         Potion            |       |       |     3 |     2 ||     5
   Stab: Sleeping          |     1 |     5 |     4 |     5 ||    15
 Armour: Robe              |    25 |    23 |    44 |    19 ||   111
         Steam dragon scal |       |       |       |    50 ||    50
  Dodge: Dodged            |    30 |    48 |   124 |   164 ||   366
  Block: Buckler           |    14 |     6 |    38 |    45 ||   103
